Workbook

Sheet Приложение1
C1: Приложение 1 к решению Совета депутатов Кочуновского сельского поселения Ромодановского муниципального района Республики Мордовия «О бюджете Кочуновского сельского поселения Ромодановского муниципального района Республики Мордовия на 2022 год и на плановый период 2023 и 2024 годов»от 29.12.2021г №14
A6: ОБЪЕМ БЕЗВОЗМЕЗДНЫХ ПОСТУПЛЕНИЙ В БЮДЖЕТ КОЧУНОВСКОГО СЕЛЬСКОГО ПОСЕЛЕНИЯ РОМОДАНОВСКОГО МУНИЦИПАЛЬНОГО РАЙОНА РЕСПУБЛИКИ МОРДОВИЯ НА 2022 ГОД И НА ПЛАНОВЫЙ ПЕРИОД 2023 И 2024 ГОДОВ
E7: (тыс. рублей)
A8: Код | B8: Наименование | C8: Сумма
C9: 2022 год | D9: 2023 год | E9: 2024 год
A10: 1 | B10: 2 | C10: 3 | D10: 4 | E10: 5
A11: 2 00 00000 00 0000 000 | B11: БЕЗВОЗМЕЗДНЫЕ ПОСТУПЛЕНИЯ | C11: =C12+C35 -> 1649.3 | D11: =D12+D35 -> 589.2 | E11: =E12+E35 -> 598.5
A12: 2 02 00000 00 0000 000 | B12: Безвозмездные поступления от других бюджетов бюджетной системы Российской Федерации | C12: =C13+C18+C25+C30 -> 1649.3 | D12: =D13+D18+D25+D30 -> 589.2 | E12: =E13+E18+E25+E30 -> 598.5
A13: 2 02 10000 00 0000 150 | B13: Дотации бюджетам бюджетной системы Российской Федерации | C13: =C14+C16 -> 718.8 | D13: =D14+D16 -> 288.7 | E13: =E14+E16 -> 294.8
A14: 2 02 15001 00 0000 150 | B14: Дотации на выравнивание бюджетной обеспеченности | C14: =C15 -> 372.2 | D14: =D15 -> 288.7 | E14: =E15 -> 294.8
A15: 2 02 15001 10 0000 150 | B15: Дотации бюджетам сельских поселений на выравнивание бюджетной обеспеченности из бюджета субъекта Российской Федерации | C15: 372.2 | D15: 288.7 | E15: 294.8
A16: 2 02 15002 00 0000 150 | B16: Дотации бюджетам на поддержку мер по обеспечению сбалансированности бюджетов | C16: =C17 -> 346.6 | D16: =D17 -> 0 | E16: =E17 -> 0
A17: 2 02 15002 10 0000 150 | B17: Дотации бюджетам сельских поселений на поддержку мер по обеспечению сбалансированности бюджетов | C17: 346.6
A18: 2 02 20000 00 0000 150 | B18: Субсидии бюджетам бюджетной системы Российской Федерации (межбюджетные субсидии) | C18: =C19+C21+C23 -> 298 | D18: =D19+D21+D23 -> 0 | E18: =E19+E21+E23 -> 0
A19: 2 02 25555 00 0000 150 | B19: Субсидии бюджетам на реализацию программ формирования современной городской среды | C19: =C20 -> 0 | D19: =D20 -> 0 | E19: =E20 -> 0
A20: 2 02 25555 10 0000 150 | B20: Субсидии бюджетам на реализацию программ формирования современной городской среды
A21: 2 02 25576 00 0000 150 | B21: Субсидии бюджетам на обеспечение комплексного развития сельских территорий | C21: =C22 -> 0 | D21: =D22 -> 0 | E21: =E22 -> 0
A22: 2 02 25576 10 0000 150 | B22: Субсидии бюджетам на обеспечение комплексного развития сельских территорий
A23: 2 02 29999 00 0000 150 | B23: Прочие субсидии | C23: =C24 -> 298 | D23: =D24 -> 0 | E23: =E24 -> 0
A24: 2 02 29999 10 0000 150 | B24: Прочие субсидии бюджетам сельских поселений | C24: 298
A25: 2 02 30000 00 0000 150 | B25: Субвенции бюджетам бюджетной системы Российской Федерации | C25: =C26+C28 -> 90 | D25: =D26+D28 -> 93 | E25: =E26+E28 -> 96.2
A26: 2 02 30024 00 0000 150 | B26: Субвенции местным бюджетам на выполнение передаваемых полномочий субъектов Российской Федерации | C26: =C27 -> 0.2 | D26: =D27 -> 0.2 | E26: =E27 -> 0.2
A27: 2 02 30024 10 0000 150 | B27: Субвенции бюджетам сельских поселений на выполнение передаваемых полномочий субъектов Российской Федерации | C27: 0.2 | D27: 0.2 | E27: 0.2
A28: 2 02 35118 00 0000 150 | B28: Субвенции бюджетам на осуществление первичного воинского учета на территориях, где отсутствуют военные комиссариаты | C28: =C29 -> 89.8 | D28: =D29 -> 92.8 | E28: =E29 -> 96
A29: 2 02 35118 10 0000 150 | B29: Субвенции бюджетам сельских поселений на осуществление первичного воинского учета на территориях, где отсутствуют военные комиссариаты | C29: 89.8 | D29: 92.8 | E29: 96
A30: 2 02 40000 00 0000 150 | B30: Иные межбюджетные трансферты | C30: =C31 -> 542.5 | D30: =D31 -> 207.5 | E30: =E31 -> 207.5
A31: 2 02 40014 00 0000 150 | B31: Межбюджетные трансферты, передаваемые бюджетам муниципальных образований на осуществление части полномочий по решению вопросов местного значения в соответствии с заключенными соглашениями | C31: =C32 -> 542.5 | D31: =D32 -> 207.5 | E31: =E32 -> 207.5
A32: 2 02 40014 10 0000 150 | B32: Межбюджетные трансферты, передаваемые бюджетам сельских поселений из бюджетов муниципальных районов на осуществление части полномочий по решению вопросов местного значения в соответствии с заключенными соглашениями | C32: 542.5 | D32: 207.5 | E32: 207.5
A33: 2 02 49999 00 0000 150 | B33: Прочие межбюджетные трансферты, передаваемые бюджетам | C33: =C34 -> 0 | D33: =D34 -> 0 | E33: =E34 -> 0
A34: 2 02 49999 10 0000 150 | B34: Прочие межбюджетные трансферты , передаваемые бюджетам сельских поселений
A35: 2 07 00000 00 0000 000 | B35: Прочие безвозмездные поступления | C35: =C36 -> 0 | D35: =D36 -> 0 | E35: =E36 -> 0
A36: 2 07 05000 10 0000 150 | B36: Прочие безвозмезные поступления в бюджеты сельских поселений

Sheet Приложение 2
I1: Приложение 2 к решению Совета депутатов Кочуновского сельского поселения Ромодановского муниципального района Республики Мордовия «О бюджете Кочуновского сельского поселения Ромодановского муниципального района Республики Мордовия на 2022 год и на плановый период 2023 и 2024 годов»от 29.12.2021г.№14
A2: ВЕДОМСТВЕННАЯ СТРУКТУРА РАСХОДОВ БЮДЖЕТА КОЧУНОВСКОГО СЕЛЬСКОГО ПОСЕЛЕНИЯ РОМОДАНОВСКОГО МУНИЦИПАЛЬНОГО РАЙОНА РЕСПУБЛИКИ МОРДОВИЯ НА 2022 ГОД И НА ПЛАНОВЫЙ ПЕРИОД 2023 И 2024 ГОДОВ
I3: (тыс. рублей)
A4: Наименование | B4: Адм | C4: Рз | D4: Прз | E4: Цср | I4: Вр | J4: Сумма
J5: 2022 год | K5: 2023 год | L5: 2024 год
A6: 1 | B6: 2 | C6: 3 | D6: 4 | E6: 5 | F6: 6 | G6: 7 | H6: 8 | I6: 9 | J6: 10 | K6: 11 | L6: 12
A7: ВСЕГО | J7: =J8 -> 2465.3 | K7: =K8 -> 1208.7 | L7: =L8 -> 1230.6
A8: Администрация Кочуновского сельского поселения Ромодановского муниципального района Республики Мордовия | B8: 913 | J8: =J9+J45+J55+J72+J92 -> 2465.3 | K8: =K9+K45+K55+K72+K92+K99 -> 1208.7 | L8: =L9+L45+L55+L72+L92+L99 -> 1230.6
A9: Общегосударственные вопросы | B9: 913 | C9: 01 | J9: =J10+J19+J39 -> 1436.7 | K9: =K10+K19+K39 -> 642.5 | L9: =L10+L19+L39 -> 632.4
A10: Функционирование высшего должностного лица субъекта Российской Федерации и муниципального образования | B10: 913 | C10: 01 | D10: 02 | J10: =J11+J16 -> 537.8 | K10: =K11 -> 260.2 | L10: =L11 -> 242.4
A11: Обеспечение деятельности аппарата Администрации | B11: 913 | C11: 01 | D11: 02 | E11: 65 | F11: 0 | J11: =J12 -> 370 | K11: =K12 -> 260.2 | L11: =L12 -> 242.4
A12: Высшее должностное лицо | B12: 913 | C12: 01 | D12: 02 | E12: 65 | F12: 1 | J12: =J13 -> 370 | K12: =K13 -> 260.2 | L12: =L13 -> 242.4
A13: Расходы на выплаты по оплате труда высшего должностного лица | B13: 913 | C13: 01 | D13: 02 | E13: 65 | F13: 1 | G13: 00 | H13: 41150 | J13: =J14 -> 370 | K13: =K14 -> 260.2 | L13: =L14 -> 242.4
A14: Расходы на выплаты персоналу в целях обеспечения выполнения функций государственными (муниципальными) органами, казенными учреждениями, органами управления государственными внебюджетными фондами | B14: 913 | C14: 01 | D14: 02 | E14: 65 | F14: 1 | G14: 00 | H14: 41150 | I14: 100 | J14: =J15 -> 370 | K14: =K15 -> 260.2 | L14: =L15 -> 242.4
A15: Расходы на выплаты персоналу государственных (муниципальных) органов | B15: 913 | C15: 01 | D15: 02 | E15: 65 | F15: 1 | G15: 00 | H15: 41150 | I15: 120 | J15: 370 | K15: 260.2 | L15: 242.4
A16: Субсидии на софинансирование расходных обязательств по финансовому обеспечению деятельности органов местного самоуправления и муниципальных учреждений | B16: 913 | C16: 01 | D16: 02 | E16: 65 | F16: 1 | G16: 00 | H16: 44205 | J16: =J17 -> 167.8
A17: =A14 -> Расходы на выплаты персоналу в целях обеспечения выполнения функций государственными (муниципальными) органами, казенными учреждениями, органами управления государственными внебюджетными фондами | B17: 913 | C17: 01 | D17: 02 | E17: 65 | F17: 1 | G17: 00 | H17: 44205 | I17: 100 | J17: =J18 -> 167.8
A18: =A15 -> Расходы на выплаты персоналу государственных (муниципальных) органов | B18: 913 | C18: 01 | D18: 02 | E18: 65 | F18: 1 | G18: 00 | H18: 44205 | I18: 120 | J18: 167.8
A19: Функционирование Правительства Российской Федерации, высших исполнительных органов государственной власти субъектов Российской Федерации, местных администраций | B19: 913 | C19: 01 | D19: 04 | J19: =J20+J34+J25 -> 893.9 | K19: =K20+K34 -> 377.3 | L19: =L20+L34 -> 385
A20: Обеспечение деятельности аппарата администрации Кочуновского сельского поселения | B20: 913 | C20: 01 | D20: 04 | E20: 65 | F20: 0 | J20: =J21 -> 763.5 | K20: =K21 -> 377.1 | L20: =L21 -> 384.8
A21: Обеспечение деятельности администрации сельских поселений | B21: 913 | C21: 01 | D21: 04 | E21: 65 | F21: 2 | J21: =J22+J28 -> 763.5 | K21: =K22+K28 -> 377.1 | L21: =L22+L28 -> 384.8
A22: Расходы на выплаты по оплате труда работников органов местного самоуправления | B22: 913 | C22: 01 | D22: 04 | E22: 65 | F22: 2 | G22: 00 | H22: 41110 | J22: =J23 -> 386.5 | K22: =K23 -> 272.1 | L22: =L23 -> 274.8
A23: Расходы на выплаты персоналу в целях обеспечения выполнения функций государственными (муниципальными) органами, казенными учреждениями, органами управления государственными внебюджетными фондами | B23: 913 | C23: 01 | D23: 04 | E23: 65 | F23: 2 | G23: 00 | H23: 41110 | I23: 100 | J23: =J24 -> 386.5 | K23: =K24 -> 272.1 | L23: =L24 -> 274.8
A24: Расходы на выплаты персоналу государственных (муниципальных) органов | B24: 913 | C24: 01 | D24: 04 | E24: 65 | F24: 2 | G24: 00 | H24: 41110 | I24: 120 | J24: 386.5 | K24: 272.1 | L24: 274.8
A25: =A16 -> Субсидии на софинансирование расходных обязательств по финансовому обеспечению деятельности органов местного самоуправления и муниципальных учреждений | B25: 913 | C25: 01 | D25: 04 | E25: 65 | F25: 2 | G25: 00 | H25: 44205 | J25: =J26 -> 130.2
A26: =A17 -> Расходы на выплаты персоналу в целях обеспечения выполнения функций государственными (муниципальными) органами, казенными учреждениями, органами управления государственными внебюджетными фондами | B26: 913 | C26: 01 | D26: 04 | E26: 65 | F26: 2 | G26: 00 | H26: 44205 | I26: 100 | J26: =J27 -> 130.2
A27: =A18 -> Расходы на выплаты персоналу государственных (муниципальных) органов | B27: 913 | C27: 01 | D27: 04 | E27: 65 | F27: 2 | G27: 00 | H27: 44205 | I27: 120 | J27: 130.2
A28: Расходы на обеспечение функций органов местного самоуправления | B28: 913 | C28: 01 | D28: 04 | E28: 65 | F28: 2 | G28: 00 | H28: 41120 | J28: =+J29+J31 -> 377 | K28: =+K29+K31 -> 105 | L28: =+L29+L31 -> 110
A29: Закупка товаров, работ и услуг для государственных (муниципальных) нужд | B29: 913 | C29: 01 | D29: 04 | E29: 65 | F29: 2 | G29: 00 | H29: 41120 | I29: 200 | J29: =J30 -> 370 | K29: =K30 -> 100 | L29: =L30 -> 105
A30: Иные закупки товаров, работ и услуг для обеспечения государственных (муниципальных) нужд | B30: 913 | C30: 01 | D30: 04 | E30: 65 | F30: 2 | G30: 00 | H30: 41120 | I30: 240 | J30: 370 | K30: 100 | L30: 105
A31: Иные бюджетные ассигнования | B31: 913 | C31: 01 | D31: 04 | E31: 65 | F31: 2 | G31: 00 | H31: 41120 | I31: 800 | J31: =J32+J33 -> 7 | K31: =K33 -> 5 | L31: =L33 -> 5
A32: исполнение судебных актов | B32: 913 | C32: 01 | D32: 04 | E32: 65 | F32: 2 | G32: 00 | H32: 41120 | I32: 830 | J32: 4
A33: Уплата налогов, сборов и иных платежей | B33: 913 | C33: 01 | D33: 04 | E33: 65 | F33: 2 | G33: 00 | H33: 41120 | I33: 850 | J33: 3 | K33: 5 | L33: 5
A34: Непрограммные расходы главных распорядителей бюджетных средств Кочуновского сельского поселения Ромодановского муниципального района Республики Мордовия | B34: 913 | C34: 01 | D34: 04 | E34: 89 | F34: 0 | J34: =J35 -> 0.2 | K34: =K35 -> 0.2 | L34: =L35 -> 0.2
A35: Непрограммные расходы в рамках обеспечения деятельности главных распорядителей бюджетных средств Кочуновского сельского поселения Ромодановского муниципального района Республики Мордовия | B35: 913 | C35: 01 | D35: 04 | E35: 89 | F35: 1 | J35: =J36 -> 0.2 | K35: =K36 -> 0.2 | L35: =L36 -> 0.2
A36: Осуществление государственных полномочий Республики Мордовия по определению перечня должностных лиц, уполномоченных составлять протоколы об административных правонарушениях, предусмотренных Законом Республики Мордовия от 15 июня 2015 года № 38-З "Об административной ответственности на территории Республики Мордовия" | B36: 913 | C36: 01 | D36: 04 | E36: 89 | F36: 1 | G36: 00 | H36: 77150 | J36: =J37 -> 0.2 | K36: =K37 -> 0.2 | L36: =L37 -> 0.2
A37: =A29 -> Закупка товаров, работ и услуг для государственных (муниципальных) нужд | B37: 913 | C37: 01 | D37: 04 | E37: 89 | F37: 1 | G37: 00 | H37: 77150 | I37: 200 | J37: =J38 -> 0.2 | K37: =K38 -> 0.2 | L37: =L38 -> 0.2
A38: Иные закупки товаров, работ и услуг для обеспечения государственных (муниципальных) нужд | B38: 913 | C38: 01 | D38: 04 | E38: 89 | F38: 1 | G38: 00 | H38: 77150 | I38: 240 | J38: 0.2 | K38: 0.2 | L38: 0.2
A39: Резервные фонды | B39: 913 | C39: 01 | D39: 11 | J39: =J40 -> 5 | K39: =K40 -> 5 | L39: =L40 -> 5
A40: Непрограммные расходы главных распорядителей бюджетных средств Кочуновского сельского поселения Ромодановского муниципального района Республики Мордовия | B40: 913 | C40: 01 | D40: 11 | E40: 89 | F40: 0 | J40: =J41 -> 5 | K40: =K41 -> 5 | L40: =L41 -> 5
A41: Непрограммные расходы в рамках обеспечения деятельности главных распорядителей бюджетных средств Кочуновского сельского поселения Ромодановского муниципального района Республики Мордовия | B41: 913 | C41: 01 | D41: 11 | E41: 89 | F41: 1 | J41: =J42 -> 5 | K41: =K42 -> 5 | L41: =L42 -> 5
A42: Резервный фонд администрации Кочуновского сельского поселения Ромодановского муниципального района Республики Мордовия | B42: 913 | C42: 01 | D42: 11 | E42: 89 | F42: 1 | G42: 00 | H42: 41180 | J42: =J44 -> 5 | K42: =K44 -> 5 | L42: =L44 -> 5
A43: Иные бюджетные ассигнования | B43: 913 | C43: 01 | D43: 11 | E43: 89 | F43: 1 | G43: 00 | H43: 41180 | I43: 800 | J43: =J44 -> 5 | K43: =K44 -> 5 | L43: =L44 -> 5
A44: Резервные средства | B44: 913 | C44: 01 | D44: 11 | E44: 89 | F44: 1 | G44: 00 | H44: 41180 | I44: 870 | J44: 5 | K44: 5 | L44: 5
A45: Национальная оборона | B45: 913 | C45: 02 | J45: =J46 -> 89.8 | K45: =K46 -> 92.8 | L45: =L46 -> 96
A46: Мобилизация и вневойсковая подготовка | B46: 913 | C46: 02 | D46: 03 | J46: =J47 -> 89.8 | K46: =K47 -> 92.8 | L46: =L47 -> 96
A47: Программа повышения эффективности управления государственными финансами в Республике Мордовия | B47: 913 | C47: 02 | D47: 03 | E47: 17 | F47: 0 | J47: =J48 -> 89.8 | K47: =K48 -> 92.8 | L47: =L48 -> 96
A48: Подпрограмма "Повышения эффективности межбюджетных отношений" | B48: 913 | C48: 02 | D48: 03 | E48: 17 | F48: 3 | J48: =J49 -> 89.8 | K48: =K49 -> 92.8 | L48: =L49 -> 96
A49: Основное мероприятие: "Обеспечение осуществления органами местного самоуправления отдельных государственных полномочий" | B49: 913 | C49: 02 | D49: 03 | E49: 17 | F49: 3 | G49: 02 | J49: =J50 -> 89.8 | K49: =K50 -> 92.8 | L49: =L50 -> 96
A50: Осуществление государственных полномочий Российской Федерации по первичному воинскому учету на территориях, где отсутствуют военные комиссариаты | B50: 913 | C50: 02 | D50: 03 | E50: 17 | F50: 3 | G50: 02 | H50: 51180 | J50: =J53+J51 -> 89.8 | K50: =K53+K51 -> 92.8 | L50: =L53+L51 -> 96
A51: Расходы на выплаты персоналу в целях обеспечения выполнения функций государственными (муниципальными) органами, казенными учреждениями, органами управления государственными внебюджетными фондами | B51: 913 | C51: 02 | D51: 03 | E51: 17 | F51: 3 | G51: 02 | H51: 51180 | I51: 100 | J51: =J52 -> 84.8 | K51: =K52 -> 87.8 | L51: =L52 -> 91
A52: Расходы на выплаты персоналу государственных (муниципальных) органов | B52: 913 | C52: 02 | D52: 03 | E52: 17 | F52: 3 | G52: 02 | H52: 51180 | I52: 120 | J52: 84.8 | K52: 87.8 | L52: 91
A53: =A37 -> Закупка товаров, работ и услуг для государственных (муниципальных) нужд | B53: 913 | C53: 02 | D53: 03 | E53: 17 | F53: 3 | G53: 02 | H53: 51180 | I53: 200 | J53: =J54 -> 5 | K53: =K54 -> 5 | L53: =L54 -> 5
A54: Иные закупки товаров, работ и услуг для обеспечения государственных (муниципальных) нужд | B54: 913 | C54: 02 | D54: 03 | E54: 17 | F54: 3 | G54: 02 | H54: 51180 | I54: 240 | J54: 5 | K54: 5 | L54: 5
A55: Национальная экономика | B55: 913 | C55: 04 | J55: =J56+J63 -> 619 | K55: =K56+K63 -> 207.5 | L55: =L56+L63 -> 207.5
A56: Дорожное хозяйство (дорожные фонды) | B56: 913 | C56: 04 | D56: 09 | J56: =J57 -> 249 | K56: =K57 -> 207.5 | L56: =L57 -> 207.5
A57: Муниципальная программа "Комплексного развития транспортной инфраструктуры Кочуновского сельского поселения Ромодановского муниципального района Республики Мордовия на 2018- 2028 года"(с перспективой развития до 2030 года) | B57: 913 | C57: 04 | D57: 09 | E57: 10 | F57: 0 | J57: =J60 -> 249 | K57: =K60 -> 207.5 | L57: =L60 -> 207.5
A58: Подпрограмма "Комплексного развития транспортной инфраструктуры Кочуновского сельского поселения Ромодановского муниципального района Республики Мордовия на 2018- 2028 года "(с перспективой развития до 2030 года) | B58: 913 | C58: 04 | D58: 09 | E58: 10 | F58: 1 | J58: =J59 -> 249 | K58: =K59 -> 207.5 | L58: =L59 -> 207.5
A59: Основное мероприятие " Ремонт и содержание дорог в границах поселения,поддержание дорожного полотна в работоспособном состоянии" | B59: 913 | C59: 04 | D59: 09 | E59: 10 | F59: 1 | G59: 02 | J59: =J60 -> 249 | K59: =K60 -> 207.5 | L59: =L60 -> 207.5
A60: Иные межбюджетные трансферты на осуществление полномочий по дорожной деятельности в отношении автомобильных дорог местного значения в границах населенных пунктов поселения и обеспечению безопасности дорожного движения на них, включая создание и обеспечение функционирования парковок (парковочных мест), осуществлению муниципального контроля за сохранностью автомобильных дорог местного значения в границах населенных пунктов поселения, организации дорожного движения, а также осуществлению иных полномочий в области использования автомобильных дорог и осуществления дорожной деятельности в соответствии с законодательством Российской Федерации | B60: 913 | C60: 04 | D60: 09 | E60: 10 | F60: 1 | G60: 02 | H60: 44102 | J60: =J61 -> 249 | K60: =K61 -> 207.5 | L60: =L61 -> 207.5
A61: =A53 -> Закупка товаров, работ и услуг для государственных (муниципальных) нужд | B61: 913 | C61: 04 | D61: 09 | E61: 10 | F61: 1 | G61: 01 | H61: 44102 | I61: 200 | J61: =J62 -> 249 | K61: =K62 -> 207.5 | L61: =L62 -> 207.5
A62: Иные закупки товаров, работ и услуг для обеспечения государственных (муниципальных) нужд | B62: 913 | C62: 04 | D62: 09 | E62: 10 | F62: 1 | G62: 01 | H62: 44102 | I62: 240 | J62: 249 | K62: 207.5 | L62: 207.5
A63: Другие вопросы в области национальной экономики | B63: 913 | C63: 04 | D63: 12 | J63: =J64+J69 -> 370 | K63: =K64 -> 0 | L63: =L64 -> 0
A64: Непрограммные расходы главных распорядителей бюджетных средств Кочуновского сельского поселения Ромодановского муниципального района Республики Мордовия | B64: 913 | C64: 04 | D64: 12 | E64: 89 | F64: 0 | J64: =J65 -> 35 | K64: 0 | L64: 0
A65: Непрограммные расходы в рамках обеспечения деятельности главных распорядителей бюджетных средств Кочуновского сельского поселения Ромодановского муниципального района Республики Мордовия | B65: 913 | C65: 04 | D65: 12 | E65: 89 | F65: 1 | J65: =J66 -> 35 | K65: 0 | L65: 0
A66: Мероприятия по землеустройству и землепользованию | B66: 913 | C66: 04 | D66: 12 | E66: 89 | F66: 1 | G66: 00 | H66: 42370 | J66: =J67 -> 35 | K66: 0 | L66: 0
A67: =A61 -> Закупка товаров, работ и услуг для государственных (муниципальных) нужд | B67: 913 | C67: 04 | D67: 12 | E67: 89 | F67: 1 | G67: 00 | H67: 42370 | I67: 200 | J67: =J68 -> 35 | K67: 0 | L67: 0
A68: Иные закупки товаров, работ и услуг для обеспечения государственных (муниципальных) нужд | B68: 913 | C68: 04 | D68: 12 | E68: 89 | F68: 1 | G68: 00 | H68: 42370 | I68: 240 | J68: 35 | K68: 0 | L68: 0
A69: Иные межбюджетные трансферты на осуществление полномочий по утверждению генеральных планов поселения, правил землепользования и застройки, утверждению подготовленной на основе генеральных планов поселения дркументации по планировке территории, выдаче градостроительного плана земельного участка, расположенного в границах поселения ,выдаче разрешений на строительство. | B69: 913 | C69: 04 | D69: 12 | E69: 89 | F69: 1 | G69: 00 | H69: 44107 | J69: =J70 -> 335
A70: =A67 -> Закупка товаров, работ и услуг для государственных (муниципальных) нужд | B70: 913 | C70: 04 | D70: 12 | E70: 89 | F70: 1 | G70: 00 | H70: 44107 | I70: 200 | J70: =J71 -> 335
A71: =A68 -> Иные закупки товаров, работ и услуг для обеспечения государственных (муниципальных) нужд | B71: 913 | C71: 04 | D71: 12 | E71: 89 | F71: 1 | G71: 00 | H71: 44107 | I71: 240 | J71: 335
A72: Жилищно-коммунальное хозяйство | B72: 913 | C72: 05 | J72: =J79+J86+J73 -> 209.8 | K72: =K79 -> 100 | L72: =L79 -> 100
A73: Коммунальное хозяйство | B73: 913 | C73: 05 | D73: 02 | J73: =J74 -> 51.5
A74: =A94 -> Непрограммные расходы главных распорядителей бюджетных средств Кочуновского сельского поселения Ромодановского муниципального района Республики Мордовия | B74: 913 | C74: 05 | D74: 02 | E74: 89 | J74: =J75 -> 51.5
A75: =A65 -> Непрограммные расходы в рамках обеспечения деятельности главных распорядителей бюджетных средств Кочуновского сельского поселения Ромодановского муниципального района Республики Мордовия | B75: 913 | C75: 05 | D75: 02 | E75: 89 | F75: 1 | J75: =J76 -> 51.5
A76: Иные межбюджетные трансферты на осуществление полномочий по организации в границах поселения электро-тепло-газо- и водоснабжения населения, водоотведения, снабжения населения топливом в пределах полномочий, установленных законодательством РФ | B76: 913 | C76: 05 | D76: 02 | E76: 89 | F76: 1 | G76: 00 | H76: 44101 | J76: =J77 -> 51.5
A77: Со финансирование реализации мероприятий по устойчивому развитию сельских территорий | B77: 913 | C77: 05 | D77: 02 | E77: 89 | F77: 1 | G77: 00 | H77: 44101 | I77: 400 | J77: =J78 -> 51.5
A78: Бюджетные инвестиции | B78: 913 | C78: 05 | D78: 02 | E78: 89 | F78: 1 | G78: 00 | H78: 44101 | I78: 410 | J78: 51.5
A79: Благоустройство | B79: 913 | C79: 05 | D79: 03 | J79: =J80 -> 138.3 | K79: =K80 -> 100 | L79: =L80 -> 100
A80: Муниципальная программа "Комплексного развития коммунальной инфраструктуры Кочуновского сельского поселения Ромодановского муниципального района Республики Мордовия на 2018-2028 года"( с перспективой развития до 2030 года) | B80: 913 | C80: 05 | D80: 03 | E80: 10 | F80: 0 | J80: =J82 -> 138.3 | K80: =K82 -> 100 | L80: =L82 -> 100
A81: Подпрограмма "Комплексного развития коммунальной инфраструктуры Кочуновского сельского поселения Ромодановского муниципального района Республики Мордовия на 2018-2028 года"(с перспективой развития до 2030 года) | B81: 913 | C81: 05 | D81: 03 | E81: 10 | F81: 1 | J81: =J82 -> 138.3 | K81: =K82 -> 100 | L81: =L82 -> 100
A82: Основное мероприятия "Благоустройство территории" | B82: 913 | C82: 05 | D82: 03 | E82: 10 | F82: 1 | G82: 07 | J82: =J83+J91 -> 138.3 | K82: =K83 -> 100 | L82: =L83 -> 100
A83: Уличное освещение | B83: 913 | C83: 05 | D83: 03 | E83: 10 | F83: 1 | G83: 07 | H83: 43010 | J83: =J84 -> 100 | K83: =K84 -> 100 | L83: =L84 -> 100
A84: =A70 -> Закупка товаров, работ и услуг для государственных (муниципальных) нужд | B84: 913 | C84: 05 | D84: 03 | E84: 10 | F84: 1 | G84: 07 | H84: 43010 | I84: 200 | J84: 100 | K84: 100 | L84: 100
A85: Иные закупки товаров, работ и услуг для обеспечения государственных (муниципальных) нужд | B85: 913 | C85: 05 | D85: 03 | E85: 10 | F85: 1 | G85: 07 | H85: 43010 | I85: 240 | J85: 100 | K85: 100 | L85: 100
A86: организация и содержание мест захоронения | B86: 913 | C86: 05 | D86: 03 | E86: 10 | F86: 1 | G86: 07 | H86: 43030 | J86: =J87 -> 20
A87: =A84 -> Закупка товаров, работ и услуг для государственных (муниципальных) нужд | B87: 913 | C87: 05 | D87: 03 | E87: 10 | F87: 1 | G87: 07 | H87: 43030 | I87: 200 | J87: =J88 -> 20
A88: =A85 -> Иные закупки товаров, работ и услуг для обеспечения государственных (муниципальных) нужд | B88: 913 | C88: 05 | D88: 03 | E88: 10 | F88: 1 | G88: 07 | H88: 43030 | I88: 240 | J88: 20
A89: Прочие мероприятия по благоустройству | B89: 913 | C89: 05 | D89: 03 | E89: 10 | F89: 1 | G89: 07 | H89: 43040 | J89: =J90 -> 38.3
A90: =A84 -> Закупка товаров, работ и услуг для государственных (муниципальных) нужд | B90: 913 | C90: 05 | D90: 03 | E90: 10 | F90: 1 | G90: 07 | H90: 43040 | I90: 200 | J90: =J91 -> 38.3
A91: =A85 -> Иные закупки товаров, работ и услуг для обеспечения государственных (муниципальных) нужд | B91: 913 | C91: 05 | D91: 03 | E91: 10 | F91: 1 | G91: 07 | H91: 43040 | I91: 240 | J91: 38.3
A92: Социальная политика | B92: 913 | C92: 10 | J92: =J93 -> 110 | K92: =K93 -> 138 | L92: =L93 -> 138
A93: Пенсионное обеспечение | B93: 913 | C93: 10 | D93: 01 | J93: =J94 -> 110 | K93: =K94 -> 138 | L93: =L94 -> 138
A94: Непрограммные расходы главных распорядителей бюджетных средств Кочуновского сельского поселения Ромодановского муниципального района Республики Мордовия | B94: 913 | C94: 10 | D94: 01 | E94: 89 | F94: 0 | J94: =J95 -> 110 | K94: =K95 -> 138 | L94: =L95 -> 138
A95: Непрограммные расходы в рамках обеспечения деятельности главных распорядителей бюджетных средств Кочуновского сельского поселения Ромодановского муниципального района Республики Мордовия | B95: 913 | C95: 10 | D95: 01 | E95: 89 | F95: 1 | J95: =J96 -> 110 | K95: =K96 -> 138 | L95: =L96 -> 138
A96: Доплаты к пенсиям муниципальных служащих Республики Мордовия | B96: 913 | C96: 10 | D96: 01 | E96: 89 | F96: 1 | G96: 00 | H96: 03010 | J96: =J97 -> 110 | K96: =K97 -> 138 | L96: =L97 -> 138
A97: Социальное обеспечение и иные выплаты населению | B97: 913 | C97: 10 | D97: 01 | E97: 89 | F97: 1 | G97: 00 | H97: 03010 | I97: 300 | J97: =J98 -> 110 | K97: =K98 -> 138 | L97: =L98 -> 138
A98: Публичные нормативные социальные выплаты гражданам | B98: 913 | C98: 10 | D98: 01 | E98: 89 | F98: 1 | G98: 00 | H98: 03010 | I98: 310 | J98: 110 | K98: 138 | L98: 138
A99: условно утвержденные расходы | B99: 913 | C99: 99 | K99: =K100 -> 27.9 | L99: =L100 -> 56.7
A100: условно утвержденные расходы | B100: 913 | C100: 99 | D100: 99 | K100: =K101 -> 27.9 | L100: =L101 -> 56.7
...

Sheet Приложение 3
H1: Приложение 3 к решению Совета депутатов Кочуновского сельского поселения Ромодановского муниципального района Республики Мордовия «О бюджете Кочуновского сельского поселения Ромодановского муниципального района Республики Мордовия на 2022 год и на плановый период 2023 и 2024 годов»от 29.12.2021г.№14
A2: РАСПРЕДЕЛЕНИЕ БЮДЖЕТНЫХ АССИГНОВАНИЙ БЮДЖЕТА КОЧУНОВСКОГО СЕЛЬСКОГО ПОСЕЛЕНИЯ РОМОДАНОВСКОГО МУНИЦИПАЛЬНОГО РАЙОНА РЕСПУБЛИКИ МОРДОВИЯ ПО РАЗДЕЛАМ, ПОДРАЗДЕЛАМ, ЦЕЛЕВЫМ СТАТЬЯМ (МУНИЦИПАЛЬНЫМ ПРОГРАММАМ И НЕПРОГРАММНЫМ НАПРАВЛЕНИЯМ ДЕЯТЕЛЬНОСТИ), ГРУППАМ И ПОДГРУППАМ ВИДОВ РАСХОДОВ КЛАССИФИКАЦИИ РАСХОДОВ БЮДЖЕТОВ НА 2022 ГОД И НА ПЛАНОВЫЙ ПЕРИОД 2023 И 2024 ГОДОВ
H3: (тыс. рублей)
A4: Наименование | B4: Рз | C4: Прз | D4: Цср | H4: Вр | I4: Сумма
I5: 2022 год | J5: 2023 год | K5: 2024 год
A6: ВСЕГО | B6: 2 | C6: 3 | D6: 4 | E6: 5 | F6: 6 | G6: 7 | H6: 8 | I6: 9 | J6: 10 | K6: 11
A7: Администрация Кочуновского сельского поселения Ромодановского муниципального района Республики Мордовия | I7: =I8+I44+I54+I71+I91 -> 2465.3 | J7: =J8+J44+J54+J71+J91+J98 -> 1208.7 | K7: =K8+K44+K54+K71+K91+K98 -> 1230.6
A8: Общегосударственные вопросы | B8: 01 | I8: =I9+I18+I38 -> 1436.7 | J8: =J9+J18+J38 -> 642.5 | K8: =K9+K18+K38 -> 632.4
A9: Функционирование высшего должностного лица субъекта Российской Федерации и муниципального образования | B9: 01 | C9: 02 | I9: =I10+I15 -> 537.8 | J9: =J10 -> 260.2 | K9: =K10 -> 242.4
A10: Обеспечение деятельности аппарата Администрации | B10: 01 | C10: 02 | D10: 65 | E10: 0 | I10: =I11 -> 370 | J10: =J11 -> 260.2 | K10: =K11 -> 242.4
A11: Высшее должностное лицо | B11: 01 | C11: 02 | D11: 65 | E11: 1 | I11: =I12 -> 370 | J11: =J12 -> 260.2 | K11: =K12 -> 242.4
A12: Расходы на выплаты по оплате труда высшего должностного лица | B12: 01 | C12: 02 | D12: 65 | E12: 1 | F12: 00 | G12: 41150 | I12: =I13 -> 370 | J12: =J13 -> 260.2 | K12: =K13 -> 242.4
A13: Расходы на выплаты персоналу в целях обеспечения выполнения функций государственными (муниципальными) органами, казенными учреждениями, органами управления государственными внебюджетными фондами | B13: 01 | C13: 02 | D13: 65 | E13: 1 | F13: 00 | G13: 41150 | H13: 100 | I13: =I14 -> 370 | J13: =J14 -> 260.2 | K13: =K14 -> 242.4
A14: Расходы на выплаты персоналу государственных (муниципальных) органов | B14: 01 | C14: 02 | D14: 65 | E14: 1 | F14: 00 | G14: 41150 | H14: 120 | I14: ='Приложение 2'!J15 -> 370 | J14: ='Приложение 2'!K15 -> 260.2 | K14: ='Приложение 2'!L15 -> 242.4
A15: ='Приложение 2'!A16 -> Субсидии на софинансирование расходных обязательств по финансовому обеспечению деятельности органов местного самоуправления и муниципальных учреждений | B15: 01 | C15: 02 | D15: 65 | E15: 1 | F15: 00 | G15: 44205 | I15: =I16 -> 167.8
A16: ='Приложение 2'!A17 -> Расходы на выплаты персоналу в целях обеспечения выполнения функций государственными (муниципальными) органами, казенными учреждениями, органами управления государственными внебюджетными фондами | B16: 01 | C16: 02 | D16: 65 | E16: 1 | F16: 00 | G16: 44205 | H16: 100 | I16: =I17 -> 167.8
A17: ='Приложение 2'!A18 -> Расходы на выплаты персоналу государственных (муниципальных) органов | B17: 01 | C17: 02 | D17: 65 | E17: 1 | F17: 00 | G17: 44205 | H17: 120 | I17: ='Приложение 2'!J18 -> 167.8
A18: Функционирование Правительства Российской Федерации, высших исполнительных органов государственной власти субъектов Российской Федерации, местных администраций | B18: 01 | C18: 04 | I18: =I19+I33+I24 -> 893.9 | J18: =J19+J33 -> 377.3 | K18: =K19+K33 -> 385
A19: ='Приложение 2'!A20 -> Обеспечение деятельности аппарата администрации Кочуновского сельского поселения | B19: 01 | C19: 04 | D19: 65 | E19: 0 | I19: =I20 -> 763.5 | J19: =J20 -> 377.1 | K19: =K20 -> 384.8
A20: ='Приложение 2'!A21 -> Обеспечение деятельности администрации сельских поселений | B20: 01 | C20: 04 | D20: 65 | E20: 2 | I20: =I21+I27 -> 763.5 | J20: =J21+J27 -> 377.1 | K20: =K21+K27 -> 384.8
A21: Расходы на выплаты по оплате труда работников органов местного самоуправления | B21: 01 | C21: 04 | D21: 65 | E21: 2 | F21: 00 | G21: 41110 | I21: =I22 -> 386.5 | J21: =J22 -> 272.1 | K21: =K22 -> 274.8
A22: Расходы на выплаты персоналу в целях обеспечения выполнения функций государственными (муниципальными) органами, казенными учреждениями, органами управления государственными внебюджетными фондами | B22: 01 | C22: 04 | D22: 65 | E22: 2 | F22: 00 | G22: 41110 | H22: 100 | I22: =I23 -> 386.5 | J22: =J23 -> 272.1 | K22: =K23 -> 274.8
A23: Расходы на выплаты персоналу государственных (муниципальных) органов | B23: 01 | C23: 04 | D23: 65 | E23: 2 | F23: 00 | G23: 41110 | H23: 120 | I23: ='Приложение 2'!J24 -> 386.5 | J23: ='Приложение 2'!K24 -> 272.1 | K23: ='Приложение 2'!L24 -> 274.8
A24: ='Приложение 2'!A25 -> Субсидии на софинансирование расходных обязательств по финансовому обеспечению деятельности органов местного самоуправления и муниципальных учреждений | B24: 01 | C24: 04 | D24: 65 | E24: 2 | F24: 00 | G24: 44205 | I24: =I25 -> 130.2
A25: ='Приложение 2'!A26 -> Расходы на выплаты персоналу в целях обеспечения выполнения функций государственными (муниципальными) органами, казенными учреждениями, органами управления государственными внебюджетными фондами | B25: 01 | C25: 04 | D25: 65 | E25: 2 | F25: 00 | G25: 44205 | H25: 100 | I25: =I26 -> 130.2
A26: ='Приложение 2'!A27 -> Расходы на выплаты персоналу государственных (муниципальных) органов | B26: 01 | C26: 04 | D26: 65 | E26: 2 | F26: 00 | G26: 44205 | H26: 120 | I26: ='Приложение 2'!J27 -> 130.2
A27: Расходы на обеспечение функций органов местного самоуправления | B27: 01 | C27: 04 | D27: 65 | E27: 2 | F27: 00 | G27: 41120 | I27: =+I28+I30 -> 377 | J27: =+J28+J30 -> 105 | K27: =+K28+K30 -> 110
A28: ='Приложение 2'!A29 -> Закупка товаров, работ и услуг для государственных (муниципальных) нужд | B28: 01 | C28: 04 | D28: 65 | E28: 2 | F28: 00 | G28: 41120 | H28: 200 | I28: =I29 -> 370 | J28: =J29 -> 100 | K28: =K29 -> 105
A29: Иные закупки товаров, работ и услуг для обеспечения государственных (муниципальных) нужд | B29: 01 | C29: 04 | D29: 65 | E29: 2 | F29: 00 | G29: 41120 | H29: 240 | I29: ='Приложение 2'!J30 -> 370 | J29: ='Приложение 2'!K30 -> 100 | K29: ='Приложение 2'!L30 -> 105
A30: Иные бюджетные ассигнования | B30: 01 | C30: 04 | D30: 65 | E30: 2 | F30: 00 | G30: 41120 | H30: 800 | I30: =I32+I31 -> 7 | J30: =J32 -> 5 | K30: =K32 -> 5
A31: ='Приложение 2'!A32 -> исполнение судебных актов | B31: 01 | C31: 04 | D31: 65 | E31: 2 | F31: 00 | G31: 41120 | H31: 830 | I31: ='Приложение 2'!J32 -> 4
A32: Уплата налогов, сборов и иных платежей | B32: 01 | C32: 04 | D32: 65 | E32: 2 | F32: 00 | G32: 41120 | H32: 850 | I32: ='Приложение 2'!J33 -> 3 | J32: ='Приложение 2'!K33 -> 5 | K32: ='Приложение 2'!L33 -> 5
A33: Непрограммные расходы главных распорядителей бюджетных средств Кочуновского сельского поселения Ромодановского муниципального района Республики Мордовия | B33: 01 | C33: 04 | D33: 89 | E33: 0 | I33: =I34 -> 0.2 | J33: =J34 -> 0.2 | K33: =K34 -> 0.2
A34: Непрограммные расходы в рамках обеспечения деятельности главных распорядителей бюджетных средств Кочуновского сельского поселения Ромодановского муниципального района Республики Мордовия | B34: 01 | C34: 04 | D34: 89 | E34: 1 | I34: =I35 -> 0.2 | J34: =J35 -> 0.2 | K34: =K35 -> 0.2
A35: Осуществление государственных полномочий Республики Мордовия по определению перечня должностных лиц, уполномоченных составлять протоколы об административных правонарушениях, предусмотренных Законом Республики Мордовия от 15 июня 2015 года № 38-З "Об административной ответственности на территории Республики Мордовия" | B35: 01 | C35: 04 | D35: 89 | E35: 1 | F35: 00 | G35: 77150 | I35: =I36 -> 0.2 | J35: =J36 -> 0.2 | K35: =K36 -> 0.2
A36: =A28 -> Закупка товаров, работ и услуг для государственных (муниципальных) нужд | B36: 01 | C36: 04 | D36: 89 | E36: 1 | F36: 00 | G36: 77150 | H36: 200 | I36: =I37 -> 0.2 | J36: =J37 -> 0.2 | K36: =K37 -> 0.2
A37: Иные закупки товаров, работ и услуг для обеспечения государственных (муниципальных) нужд | B37: 01 | C37: 04 | D37: 89 | E37: 1 | F37: 00 | G37: 77150 | H37: 240 | I37: ='Приложение 2'!J38 -> 0.2 | J37: ='Приложение 2'!K38 -> 0.2 | K37: ='Приложение 2'!L38 -> 0.2
A38: Резервные фонды | B38: 01 | C38: 11 | I38: =I39 -> 5 | J38: =J39 -> 5 | K38: =K39 -> 5
A39: Непрограммные расходы главных распорядителей бюджетных средств Кочуновского сельского поселения Ромодановского муниципального района Республики Мордовия | B39: 01 | C39: 11 | D39: 89 | E39: 0 | I39: =I40 -> 5 | J39: =J40 -> 5 | K39: =K40 -> 5
A40: Непрограммные расходы в рамках обеспечения деятельности главных распорядителей бюджетных средств Кочуновского сельского поселения Ромодановского муниципального района Республики Мордовия | B40: 01 | C40: 11 | D40: 89 | E40: 1 | I40: =I41 -> 5 | J40: =J41 -> 5 | K40: =K41 -> 5
A41: Резервный фонд Администрации Кочуновского сельского поселени Ромодановского муниципального района Республики Мордовия | B41: 01 | C41: 11 | D41: 89 | E41: 1 | F41: 00 | G41: 41180 | I41: =I43 -> 5 | J41: =J43 -> 5 | K41: =K43 -> 5
A42: Иные бюджетные ассигнования | B42: 01 | C42: 11 | D42: 89 | E42: 1 | F42: 00 | G42: 41180 | H42: 800 | I42: =I43 -> 5 | J42: =J43 -> 5 | K42: =K43 -> 5
A43: Резервные средства | B43: 01 | C43: 11 | D43: 89 | E43: 1 | F43: 00 | G43: 41180 | H43: 870 | I43: ='Приложение 2'!J44 -> 5 | J43: ='Приложение 2'!K44 -> 5 | K43: ='Приложение 2'!L44 -> 5
A44: Национальная оборона | B44: 02 | I44: =I45 -> 89.8 | J44: =J45 -> 92.8 | K44: =K45 -> 96
A45: Мобилизация и вневойсковая подготовка | B45: 02 | C45: 03 | I45: =I46 -> 89.8 | J45: =J46 -> 92.8 | K45: =K46 -> 96
A46: Программа повышения эффективности управления государственными финансами в Республике Мордовия | B46: 02 | C46: 03 | D46: 17 | E46: 0 | I46: =I47 -> 89.8 | J46: =J47 -> 92.8 | K46: =K47 -> 96
A47: Подпрограмма "Повышения эффективности межбюджетных отношений" | B47: 02 | C47: 03 | D47: 17 | E47: 3 | I47: =I48 -> 89.8 | J47: =J48 -> 92.8 | K47: =K48 -> 96
A48: Основное мероприятие: "Обеспечение осуществления органами местного самоуправления отдельных государственных полномочий" | B48: 02 | C48: 03 | D48: 17 | E48: 3 | F48: 02 | I48: =I49 -> 89.8 | J48: =J49 -> 92.8 | K48: =K49 -> 96
A49: ='Приложение 2'!A50 -> Осуществление государственных полномочий Российской Федерации по первичному воинскому учету на территориях, где отсутствуют военные комиссариаты | B49: 02 | C49: 03 | D49: 17 | E49: 3 | F49: 02 | G49: 51180 | I49: =I52+I50 -> 89.8 | J49: =J52+J50 -> 92.8 | K49: =K52+K50 -> 96
A50: Расходы на выплаты персоналу в целях обеспечения выполнения функций государственными (муниципальными) органами, казенными учреждениями, органами управления государственными внебюджетными фондами | B50: 02 | C50: 03 | D50: 17 | E50: 3 | F50: 02 | G50: 51180 | H50: 100 | I50: =I51 -> 84.8 | J50: =J51 -> 87.8 | K50: =K51 -> 91
A51: Расходы на выплаты персоналу государственных (муниципальных) органов | B51: 02 | C51: 03 | D51: 17 | E51: 3 | F51: 02 | G51: 51180 | H51: 120 | I51: ='Приложение 2'!J52 -> 84.8 | J51: ='Приложение 2'!K52 -> 87.8 | K51: ='Приложение 2'!L52 -> 91
A52: =A28 -> Закупка товаров, работ и услуг для государственных (муниципальных) нужд | B52: 02 | C52: 03 | D52: 17 | E52: 3 | F52: 02 | G52: 51180 | H52: 200 | I52: =I53 -> 5 | J52: =J53 -> 5 | K52: =K53 -> 5
A53: Иные закупки товаров, работ и услуг для обеспечения государственных (муниципальных) нужд | B53: 02 | C53: 03 | D53: 17 | E53: 3 | F53: 02 | G53: 51180 | H53: 240 | I53: ='Приложение 2'!J54 -> 5 | J53: ='Приложение 2'!K54 -> 5 | K53: ='Приложение 2'!L54 -> 5
A54: Национальная экономика | B54: 04 | I54: =I55+I62 -> 619 | J54: =J55+J62 -> 207.5 | K54: =K55+K62 -> 207.5
A55: Дорожное хозяйство (дорожные фонды) | B55: 04 | C55: 09 | I55: =I56 -> 249 | J55: =J56 -> 207.5 | K55: =K56 -> 207.5
A56: ='Приложение 2'!A57 -> Муниципальная программа "Комплексного развития транспортной инфраструктуры Кочуновского сельского поселения Ромодановского муниципального района Республики Мордовия на 2018- 2028 года"(с перспективой развития до 2030 года) | B56: 04 | C56: 09 | D56: 10 | E56: 0 | I56: =I58 -> 249 | J56: =J58 -> 207.5 | K56: =K58 -> 207.5
A57: Подпрограмма комплексного развития транспортной инфраструктуры Кочуновского сельского поселения Ромодановского муниципального района Республики Мордовия на 2018- 2028 года" (с перспективой развития до 2030 года) | B57: 04 | C57: 09 | D57: 10 | E57: 1 | I57: =I58 -> 249 | J57: =J58 -> 207.5 | K57: =K58 -> 207.5
A58: Основное мероприятие " Ремонт и содержание дорог в границах поселения,поддержание дорожного полотна в работоспособном состоянии" | B58: 04 | C58: 09 | D58: 10 | E58: 1 | F58: 02 | I58: =I59 -> 249 | J58: =J59 -> 207.5 | K58: =K59 -> 207.5
A59: ='Приложение 2'!A60 -> Иные межбюджетные трансферты на осуществление полномочий по дорожной деятельности в отношении автомобильных дорог местного значения в границах населенных пунктов поселения и обеспечению безопасности дорожного движения на них, включая создание и обеспечение функционирования парковок (парковочных мест), осуществлению муниципального контроля за сохранностью автомобильных дорог местного значения в границах населенных пунктов поселения, организации дорожного движения, а также осуществлению иных полномочий в области использования автомобильных дорог и осуществления дорожной деятельности в соответствии с законодательством Российской Федерации | B59: 04 | C59: 09 | D59: 10 | E59: 1 | F59: 02 | G59: 44102 | I59: =I60 -> 249 | J59: =J60 -> 207.5 | K59: =K60 -> 207.5
A60: =A52 -> Закупка товаров, работ и услуг для государственных (муниципальных) нужд | B60: 04 | C60: 09 | D60: 10 | E60: 1 | F60: 02 | G60: 44102 | H60: 200 | I60: =I61 -> 249 | J60: =J61 -> 207.5 | K60: =K61 -> 207.5
A61: Иные закупки товаров, работ и услуг для обеспечения государственных (муниципальных) нужд | B61: 04 | C61: 09 | D61: 10 | E61: 1 | F61: 02 | G61: 44102 | H61: 240 | I61: ='Приложение 2'!J62 -> 249 | J61: ='Приложение 2'!L62 -> 207.5 | K61: ='Приложение 2'!L62 -> 207.5
A62: Другие вопросы в области национальной экономики | B62: 04 | C62: 12 | I62: =I63+I68 -> 370 | J62: =J63 -> 0 | K62: =K63 -> 0
A63: Непрограммные расходы главных распорядителей бюджетных средств Кочуновского сельского поселения Ромодановского муниципального района Республики Мордовия | B63: 04 | C63: 12 | D63: 89 | E63: 0 | I63: =I64 -> 35 | J63: 0 | K63: 0
A64: Непрограммные расходы в рамках обеспечения деятельности главных распорядителей бюджетных средств Кочуновского сельского поселенияРомодановского муниципального района Республики Мордовия | B64: 04 | C64: 12 | D64: 89 | E64: 1 | I64: =I65 -> 35 | J64: 0 | K64: 0
A65: Мероприятия по землеусторйству и землепользованию | B65: 04 | C65: 12 | D65: 89 | E65: 1 | F65: 00 | G65: 42370 | I65: =I66 -> 35 | J65: 0 | K65: 0
A66: =A60 -> Закупка товаров, работ и услуг для государственных (муниципальных) нужд | B66: 04 | C66: 12 | D66: 89 | E66: 1 | F66: 00 | G66: 42370 | H66: 200 | I66: =I67 -> 35 | J66: 0 | K66: 0
A67: Иные закупки товаров, работ и услуг для обеспечения государственных (муниципальных) нужд | B67: 04 | C67: 12 | D67: 89 | E67: 1 | F67: 00 | G67: 42370 | H67: 240 | I67: ='Приложение 2'!J68 -> 35 | J67: ='Приложение 2'!K68 -> 0 | K67: ='Приложение 2'!L68 -> 0
A68: ='Приложение 2'!A69 -> Иные межбюджетные трансферты на осуществление полномочий по утверждению генеральных планов поселения, правил землепользования и застройки, утверждению подготовленной на основе генеральных планов поселения дркументации по планировке территории, выдаче градостроительного плана земельного участка, расположенного в границах поселения ,выдаче разрешений на строительство. | B68: 04 | C68: 12 | D68: 89 | E68: 1 | F68: 00 | G68: 44107 | I68: =I69 -> 335
A69: =A66 -> Закупка товаров, работ и услуг для государственных (муниципальных) нужд | B69: 04 | C69: 12 | D69: 89 | E69: 1 | F69: 00 | G69: 44107 | H69: 200 | I69: =I70 -> 335
A70: =A67 -> Иные закупки товаров, работ и услуг для обеспечения государственных (муниципальных) нужд | B70: 04 | C70: 12 | D70: 89 | E70: 1 | F70: 00 | G70: 44107 | H70: 240 | I70: ='Приложение 2'!J71 -> 335
A71: Жилищно-коммунальное хозяйство | B71: 05 | I71: =I78+I85+I72 -> 209.8 | J71: =J78 -> 100 | K71: =K78 -> 100
A72: ='Приложение 2'!A73 -> Коммунальное хозяйство | B72: 05 | C72: 02 | I72: =I73 -> 51.5
A73: ='Приложение 2'!A74 -> Непрограммные расходы главных распорядителей бюджетных средств Кочуновского сельского поселения Ромодановского муниципального района Республики Мордовия | B73: 05 | C73: 02 | D73: 89 | I73: =I74 -> 51.5
A74: ='Приложение 2'!A75 -> Непрограммные расходы в рамках обеспечения деятельности главных распорядителей бюджетных средств Кочуновского сельского поселения Ромодановского муниципального района Республики Мордовия | B74: 05 | C74: 02 | D74: 89 | E74: 1 | I74: =I75 -> 51.5
A75: ='Приложение 2'!A76 -> Иные межбюджетные трансферты на осуществление полномочий по организации в границах поселения электро-тепло-газо- и водоснабжения населения, водоотведения, снабжения населения топливом в пределах полномочий, установленных законодательством РФ | B75: 05 | C75: 02 | D75: 89 | E75: 1 | F75: 00 | G75: 44101 | I75: =I76 -> 51.5
A76: ='Приложение 2'!A77 -> Со финансирование реализации мероприятий по устойчивому развитию сельских территорий | B76: 05 | C76: 02 | D76: 89 | E76: 1 | F76: 00 | G76: 44101 | H76: 400 | I76: =I77 -> 51.5
A77: ='Приложение 2'!A78 -> Бюджетные инвестиции | B77: 05 | C77: 02 | D77: 89 | E77: 1 | F77: 00 | G77: 44101 | H77: 410 | I77: ='Приложение 2'!J78 -> 51.5
A78: Благоустройство | B78: 05 | C78: 03 | I78: =I80 -> 138.3 | J78: =J80 -> 100 | K78: =K80 -> 100
A79: ='Приложение 2'!A80 -> Муниципальная программа "Комплексного развития коммунальной инфраструктуры Кочуновского сельского поселения Ромодановского муниципального района Республики Мордовия на 2018-2028 года"( с перспективой развития до 2030 года) | B79: 05 | C79: 03 | D79: 10 | E79: 0
A80: Подпрограмма комплексного развития коммунальной инфраструктуры Кочуновского сельского поселения Ромодановского муниципального района Республики Мордовия на 2018-2028 года" (с перспективой развития до 2030 года) | B80: 05 | C80: 03 | D80: 10 | E80: 1 | I80: =I81 -> 138.3 | J80: =J81 -> 100 | K80: =K81 -> 100
A81: Основное мероприятия "Благоустройство территории"" | B81: 05 | C81: 03 | D81: 10 | E81: 1 | F81: 07 | I81: =I82+I88 -> 138.3 | J81: =J82 -> 100 | K81: =K82 -> 100
A82: Уличное освещение | B82: 05 | C82: 03 | D82: 10 | E82: 1 | F82: 07 | G82: 43010 | I82: =I83 -> 100 | J82: =J83 -> 100 | K82: =K83 -> 100
A83: =A69 -> Закупка товаров, работ и услуг для государственных (муниципальных) нужд | B83: 05 | C83: 03 | D83: 10 | E83: 1 | F83: 07 | G83: 43010 | H83: 200 | I83: =I84 -> 100 | J83: =J84 -> 100 | K83: =K84 -> 100
A84: Иные закупки товаров, работ и услуг для обеспечения государственных (муниципальных) нужд | B84: 05 | C84: 03 | D84: 10 | E84: 1 | F84: 07 | G84: 43010 | H84: 240 | I84: ='Приложение 2'!J85 -> 100 | J84: ='Приложение 2'!K85 -> 100 | K84: ='Приложение 2'!L85 -> 100
A85: ='Приложение 2'!A86 -> организация и содержание мест захоронения | B85: 05 | C85: 03 | D85: 10 | E85: 1 | F85: 07 | G85: 43030 | I85: =I86 -> 20
A86: ='Приложение 2'!A87 -> Закупка товаров, работ и услуг для государственных (муниципальных) нужд | B86: 05 | C86: 03 | D86: 10 | E86: 1 | F86: 07 | G86: 43030 | H86: 200 | I86: =I87 -> 20
A87: ='Приложение 2'!A88 -> Иные закупки товаров, работ и услуг для обеспечения государственных (муниципальных) нужд | B87: 05 | C87: 03 | D87: 10 | E87: 1 | F87: 07 | G87: 43030 | H87: 240 | I87: ='Приложение 2'!J88 -> 20
A88: ='Приложение 2'!A89 -> Прочие мероприятия по благоустройству | B88: 05 | C88: 03 | D88: 10 | E88: 1 | F88: 07 | G88: 43040 | I88: =I89 -> 38.3
A89: ='Приложение 2'!A90 -> Закупка товаров, работ и услуг для государственных (муниципальных) нужд | B89: 05 | C89: 03 | D89: 10 | E89: 1 | F89: 07 | G89: 43040 | H89: 200 | I89: =I90 -> 38.3
A90: =A84 -> Иные закупки товаров, работ и услуг для обеспечения государственных (муниципальных) нужд | B90: 05 | C90: 03 | D90: 10 | E90: 1 | F90: 07 | G90: 43040 | H90: 240 | I90: ='Приложение 2'!J91 -> 38.3
A91: Социальная политика | B91: 10 | I91: =I92 -> 110 | J91: =J92 -> 138 | K91: =K92 -> 138
A92: Пенсионное обеспечение | B92: 10 | C92: 01 | I92: =I93 -> 110 | J92: =J93 -> 138 | K92: =K93 -> 138
A93: Непрограммные расходы главных распорядителей бюджетных средств Кочуновского сельского поселения Ромодановского муниципального района Республики Мордовия | B93: 10 | C93: 01 | D93: 89 | E93: 0 | I93: =I94 -> 110 | J93: =J94 -> 138 | K93: =K94 -> 138
A94: Непрограммные расходы в рамках обеспечения деятельности главных распорядителей бюджетных средств Кочуновского сельского поселения Ромодановского муниципального района Республики Мордовия | B94: 10 | C94: 01 | D94: 89 | E94: 1 | I94: =I95 -> 110 | J94: =J95 -> 138 | K94: =K95 -> 138
A95: Доплаты к пенсиям муниципальных служащих Республики Мордовия | B95: 10 | C95: 01 | D95: 89 | E95: 1 | F95: 00 | G95: 03010 | I95: =I96 -> 110 | J95: =J96 -> 138 | K95: =K96 -> 138
A96: Социальное обеспечение и иные выплаты населению | B96: 10 | C96: 01 | D96: 89 | E96: 1 | F96: 00 | G96: 03010 | H96: 300 | I96: =I97 -> 110 | J96: =J97 -> 138 | K96: =K97 -> 138
A97: Публичные нормативные социальные выплаты гражданам | B97: 10 | C97: 01 | D97: 89 | E97: 1 | F97: 00 | G97: 03010 | H97: 310 | I97: ='Приложение 2'!J98 -> 110 | J97: ='Приложение 2'!K98 -> 138 | K97: ='Приложение 2'!L98 -> 138
A98: ='Приложение 2'!A99 -> условно утвержденные расходы | B98: 99 | J98: ='Приложение 2'!K99 -> 27.9 | K98: ='Приложение 2'!L99 -> 56.7
A99: ='Приложение 2'!A100 -> условно утвержденные расходы | B99: 99 | C99: 99 | J99: ='Приложение 2'!K100 -> 27.9 | K99: ='Приложение 2'!L100 -> 56.7
A100: ='Приложение 2'!A101 -> обеспечение деятельности администрации | B100: 99 | C100: 99 | D100: 65 | E100: 0 | J100: ='Приложение 2'!K101 -> 27.9 | K100: ='Приложение 2'!L101 -> 56.7
...

Sheet Приложение 4
I1: Приложение 4 к решению Совета депутатов Кочуновского сельского поселения Ромодановского муниципального района Республики Мордовия «О бюджете Кочуновского сельского поселения Ромодановского муниципального района Республики Мордовия на 2022 год и на плановый период 2023 и 2024 годов»от 29.12.2021г.№14
A2: РАСПРЕДЕЛЕНИЕ БЮДЖЕТНЫХ АССИГНОВАНИЙ БЮДЖЕТА КОЧУНОВСКОГО СЕЛЬСКОГО ПОСЕЛЕНИЯ РОМОДАНОВСКОГО МУНИЦИПАЛЬНОГО РАЙОНА РЕСПУБЛИКИ МОРДОВИЯ ПО ЦЕЛЕВЫМ СТАТЬЯМ (МУНИЦИПАЛЬНЫМ ПРОГРАММАМ И НЕПРОГРАММНЫМ НАПРАВЛЕНИЯМ ДЕЯТЕЛЬНОСТИ), ГРУППАМ И ПОДГРУППАМ ВИДОВ РАСХОДОВ, РАЗДЕЛАМ И ПОДРАЗДЕЛАМ КЛАССИФИКАЦИИ РАСХОДОВ БЮДЖЕТОВ НА 2022 ГОД И НА ПЛАНОВЫЙ ПЕРИОД 2023 И 2024 ГОДОВ
I3: (тыс. рублей)
A4: Наименование | B4: Цср | F4: ВР | G4: Рз | H4: Прз | I4: Адм | J4: Сумма
J5: 2022 год | K5: 2023 год | L5: 2024 год
A6: 1 | B6: 2 | C6: 3 | D6: 4 | E6: 5 | F6: 6 | G6: 7 | H6: 8 | I6: 9 | J6: 10 | K6: 11 | L6: 12
A7: ВСЕГО | J7: =J8+J38+J52+J85+J17+J99 -> 2465.3 | K7: =K8+K19+K38+K52+K85+K130+K101+K107+K60 -> 1208.7 | L7: =L8+L19+L38+L52+L85+L130+L60+L101+L107 -> 1230.6
A8: ='Приложение 2'!A57 -> Муниципальная программа "Комплексного развития транспортной инфраструктуры Кочуновского сельского поселения Ромодановского муниципального района Республики Мордовия на 2018- 2028 года"(с перспективой развития до 2030 года) | B8: 10 | C8: 0 | J8: =J10 -> 249 | K8: =K10 -> 207.5 | L8: =L10 -> 207.5
A9: Подпрограмма «Комплексного развития транспортной инфраструктуры Кочуновского сельского поселения Ромодановского муниципального района Республики Мордовия на 2018- 2028года" (с перспективой развития до 2030 года) | B9: 10 | C9: 1 | J9: =J10 -> 249 | K9: =K10 -> 207.5 | L9: =L10 -> 207.5
A10: Основное мероприятие "Ремонт и содержание дорог в границах поселения,поддержание дорожного полотна в работоспособном состоянии" | B10: 10 | C10: 1 | D10: 02 | J10: =J11 -> 249 | K10: =K11 -> 207.5 | L10: =L11 -> 207.5
A11: ='Приложение 2'!A60 -> Иные межбюджетные трансферты на осуществление полномочий по дорожной деятельности в отношении автомобильных дорог местного значения в границах населенных пунктов поселения и обеспечению безопасности дорожного движения на них, включая создание и обеспечение функционирования парковок (парковочных мест), осуществлению муниципального контроля за сохранностью автомобильных дорог местного значения в границах населенных пунктов поселения, организации дорожного движения, а также осуществлению иных полномочий в области использования автомобильных дорог и осуществления дорожной деятельности в соответствии с законодательством Российской Федерации | B11: 10 | C11: 1 | D11: 02 | E11: 44102 | J11: =J12 -> 249 | K11: =K12 -> 207.5 | L11: =L12 -> 207.5
A12: ='Приложение 2'!A67 -> Закупка товаров, работ и услуг для государственных (муниципальных) нужд | B12: 10 | C12: 1 | D12: 02 | E12: 44102 | F12: 200 | J12: =J13 -> 249 | K12: =K13 -> 207.5 | L12: =L13 -> 207.5
A13: Иные закупки товаров, работ и услуг для обеспечения государственных (муниципальных) нужд | B13: 10 | C13: 1 | D13: 02 | E13: 44102 | F13: 240 | J13: =J14 -> 249 | K13: =K14 -> 207.5 | L13: =L14 -> 207.5
A14: Национальная экономика | B14: 10 | C14: 1 | D14: 02 | E14: 44102 | F14: 240 | G14: 04 | J14: =J15 -> 249 | K14: =K15 -> 207.5 | L14: =L15 -> 207.5
A15: Дорожное хозяйство | B15: 10 | C15: 1 | D15: 02 | E15: 44102 | F15: 240 | G15: 04 | H15: 09 | J15: =J16 -> 249 | K15: =K16 -> 207.5 | L15: =L16 -> 207.5
A16: Администрация Кочуновского сельского поселения Ромодановского муниципального района Республики Мордовия | B16: 10 | C16: 1 | D16: 02 | E16: 44102 | F16: 240 | G16: 04 | H16: 09 | I16: 913 | J16: ='Приложение 2'!J62 -> 249 | K16: ='Приложение 2'!K62 -> 207.5 | L16: ='Приложение 2'!L62 -> 207.5
A17: ='Приложение 2'!A80 -> Муниципальная программа "Комплексного развития коммунальной инфраструктуры Кочуновского сельского поселения Ромодановского муниципального района Республики Мордовия на 2018-2028 года"( с перспективой развития до 2030 года) | B17: 10 | C17: 0 | J17: =J18 -> 158.3 | K17: =K18 -> 100 | L17: =L18 -> 100
A18: Подпрограмма "Комплексного развития коммунальной инфраструктуры Кочуновского сельского поселения Ромодановского муниципального района Республики Мордовия на 2018-2028 года" (с перспективой развития до 2030 года) | B18: 10 | C18: 1 | J18: =J19+J26 -> 158.3 | K18: =K19 -> 100 | L18: =L19 -> 100
A19: Основное мероприятия "Благоустройство территории"" | B19: 10 | C19: 1 | D19: 07 | J19: =J20+J32 -> 138.3 | K19: =K20 -> 100 | L19: =L20 -> 100
A20: Уличное освещение | B20: 10 | C20: 1 | D20: 07 | E20: 43010 | J20: =J21 -> 100 | K20: =K21 -> 100 | L20: =L21 -> 100
A21: =A12 -> Закупка товаров, работ и услуг для государственных (муниципальных) нужд | B21: 10 | C21: 1 | D21: 07 | E21: 43010 | F21: 200 | J21: =J22 -> 100 | K21: =K22 -> 100 | L21: =L22 -> 100
A22: Иные закупки товаров, работ и услуг для обеспечения государственных (муниципальных) нужд | B22: 10 | C22: 1 | D22: 07 | E22: 43010 | F22: 240 | J22: =J23 -> 100 | K22: =K23 -> 100 | L22: =L23 -> 100
A23: Жилищно-коммунальное хозяйство | B23: 10 | C23: 1 | D23: 07 | E23: 43010 | F23: 240 | G23: 05 | J23: =J24 -> 100 | K23: =K24 -> 100 | L23: =L24 -> 100
A24: Благоустройство | B24: 10 | C24: 1 | D24: 07 | E24: 43010 | F24: 240 | G24: 05 | H24: 03 | J24: =J25 -> 100 | K24: =K25 -> 100 | L24: =L25 -> 100
A25: Администрация Кочуновского сельского поселения Ромодановского муниципального района Республики Мордовия | B25: 10 | C25: 1 | D25: 07 | E25: 43010 | F25: 240 | G25: 05 | H25: 03 | I25: 913 | J25: ='Приложение 2'!J85 -> 100 | K25: ='Приложение 2'!K85 -> 100 | L25: ='Приложение 2'!L85 -> 100
A26: ='Приложение 2'!A86 -> организация и содержание мест захоронения | B26: 10 | C26: 1 | D26: 07 | E26: 43030 | J26: =J27 -> 20
A27: =A21 -> Закупка товаров, работ и услуг для государственных (муниципальных) нужд | B27: 10 | C27: 1 | D27: 07 | E27: 43030 | F27: 200 | J27: =J28 -> 20
A28: =A22 -> Иные закупки товаров, работ и услуг для обеспечения государственных (муниципальных) нужд | B28: 10 | C28: 1 | D28: 07 | E28: 43030 | F28: 240 | J28: =J29 -> 20
A29: =A23 -> Жилищно-коммунальное хозяйство | B29: 10 | C29: 1 | D29: 07 | E29: 43030 | F29: 240 | G29: 05 | J29: =J30 -> 20
A30: =A24 -> Благоустройство | B30: 10 | C30: 1 | D30: 07 | E30: 43030 | F30: 240 | G30: 05 | H30: 03 | J30: =J31 -> 20
A31: =A25 -> Администрация Кочуновского сельского поселения Ромодановского муниципального района Республики Мордовия | B31: 10 | C31: 1 | D31: 07 | E31: 43030 | F31: 240 | G31: 05 | H31: 03 | I31: 913 | J31: ='Приложение 2'!J88 -> 20
A32: ='Приложение 2'!A89 -> Прочие мероприятия по благоустройству | B32: 10 | C32: 1 | D32: 07 | E32: 43040 | J32: =J33 -> 38.3
A33: =A21 -> Закупка товаров, работ и услуг для государственных (муниципальных) нужд | B33: 10 | C33: 1 | D33: 07 | E33: 43040 | F33: 200 | J33: =J34 -> 38.3
A34: =A22 -> Иные закупки товаров, работ и услуг для обеспечения государственных (муниципальных) нужд | B34: 10 | C34: 1 | D34: 07 | E34: 43040 | F34: 240 | J34: =J35 -> 38.3
A35: =A23 -> Жилищно-коммунальное хозяйство | B35: 10 | C35: 1 | D35: 07 | E35: 43040 | F35: 240 | G35: 05 | J35: =J36 -> 38.3
A36: =A24 -> Благоустройство | B36: 10 | C36: 1 | D36: 07 | E36: 43040 | F36: 240 | G36: 05 | H36: 03 | J36: =J37 -> 38.3
A37: =A25 -> Администрация Кочуновского сельского поселения Ромодановского муниципального района Республики Мордовия | B37: 10 | C37: 1 | D37: 07 | E37: 43040 | F37: 240 | G37: 05 | H37: 03 | I37: 913 | J37: ='Приложение 2'!J91 -> 38.3
A38: Программа повышения эффективности управления государственными финансами в Республике Мордовия | B38: 17 | C38: 0 | J38: =J39 -> 89.8 | K38: =K39 -> 92.8 | L38: =L39 -> 96
A39: Подпрограмма "Повышения эффективности межбюджетных отношений" | B39: 17 | C39: 3 | J39: =J40 -> 89.8 | K39: =K40 -> 92.8 | L39: =L40 -> 96
A40: Основное мероприятие: "Обеспечение осуществления органами местного самоуправления отдельных государственных полномочий" | B40: 17 | C40: 3 | D40: 02 | J40: =J41 -> 89.8 | K40: =K41 -> 92.8 | L40: =L41 -> 96
A41: ='Приложение 2'!A50 -> Осуществление государственных полномочий Российской Федерации по первичному воинскому учету на территориях, где отсутствуют военные комиссариаты | B41: 17 | C41: 3 | D41: 02 | E41: 51180 | J41: =J47+J42 -> 89.8 | K41: =K47+K42 -> 92.8 | L41: =L47+L42 -> 96
A42: Расходы на выплаты персоналу в целях обеспечения выполнения функций государственными (муниципальными) органами, казенными учреждениями, органами управления государственными внебюджетными фондами | B42: 17 | C42: 3 | D42: 02 | E42: 51180 | F42: 100 | J42: =J43 -> 84.8 | K42: =K43 -> 87.8 | L42: =L43 -> 91
A43: Расходы на выплаты персоналу государственных (муниципальных) органов | B43: 17 | C43: 3 | D43: 02 | E43: 51180 | F43: 120 | J43: =J44 -> 84.8 | K43: =K44 -> 87.8 | L43: =L44 -> 91
A44: Национальная оборона | B44: 17 | C44: 3 | D44: 02 | E44: 51180 | F44: 120 | G44: 02 | J44: =J45 -> 84.8 | K44: =K45 -> 87.8 | L44: =L45 -> 91
A45: Мобилизация и вневойсковая подготовка | B45: 17 | C45: 3 | D45: 02 | E45: 51180 | F45: 120 | G45: 02 | H45: 03 | J45: =J46 -> 84.8 | K45: =K46 -> 87.8 | L45: =L46 -> 91
A46: Администрация Кочуновского сельского поселения Ромодановского муниципального района Республики Мордовия | B46: 17 | C46: 3 | D46: 02 | E46: 51180 | F46: 120 | G46: 02 | H46: 03 | I46: 913 | J46: ='Приложение 2'!J52 -> 84.8 | K46: ='Приложение 2'!K52 -> 87.8 | L46: ='Приложение 2'!L52 -> 91
A47: =A27 -> Закупка товаров, работ и услуг для государственных (муниципальных) нужд | B47: 17 | C47: 3 | D47: 02 | E47: 51180 | F47: 200 | J47: =J48 -> 5 | K47: =K48 -> 5 | L47: =L48 -> 5
A48: Иные закупки товаров, работ и услуг для обеспечения государственных (муниципальных) нужд | B48: 17 | C48: 3 | D48: 02 | E48: 51180 | F48: 240 | J48: =J49 -> 5 | K48: =K49 -> 5 | L48: =L49 -> 5
A49: Национальная оборона | B49: 17 | C49: 3 | D49: 02 | E49: 51180 | F49: 240 | G49: 02 | J49: =J50 -> 5 | K49: =K50 -> 5 | L49: =L50 -> 5
A50: Мобилизация и вневойсковая подготовка | B50: 17 | C50: 3 | D50: 02 | E50: 51180 | F50: 240 | G50: 02 | H50: 03 | J50: =J51 -> 5 | K50: =K51 -> 5 | L50: =L51 -> 5
A51: Администрация Кочуновского сельского поселения Ромодановского муниципального района Республики Мордовия | B51: 17 | C51: 3 | D51: 02 | E51: 51180 | F51: 240 | G51: 02 | H51: 03 | I51: 913 | J51: ='Приложение 2'!J54 -> 5 | K51: ='Приложение 2'!K54 -> 5 | L51: ='Приложение 2'!L54 -> 5
A52: ='Приложение 2'!A20 -> Обеспечение деятельности аппарата администрации Кочуновского сельского поселения | B52: 65 | C52: 0 | J52: =J53+J72+J66+J79 -> 1054.5 | K52: =K53+K72 -> 532.3 | L52: =L53+L72 -> 517.2
A53: Высшее должностное лицо | B53: 65 | C53: 1 | J53: =J54 -> 370 | K53: =K54 -> 260.2 | L53: =L54 -> 242.4
A54: Расходы на выплаты по оплате труда высшего должностного лица | B54: 65 | C54: 1 | D54: 00 | E54: 41150 | J54: =J55 -> 370 | K54: =K55 -> 260.2 | L54: =L55 -> 242.4
A55: Расходы на выплаты персоналу в целях обеспечения выполнения функций государственными (муниципальными) органами, казенными учреждениями, органами управления государственными внебюджетными фондами | B55: 65 | C55: 1 | D55: 00 | E55: 41150 | F55: 100 | J55: =J56 -> 370 | K55: =K56 -> 260.2 | L55: =L56 -> 242.4
A56: Расходы на выплаты персоналу государственных (муниципальных) органов | B56: 65 | C56: 1 | D56: 00 | E56: 41150 | F56: 120 | J56: =J57 -> 370 | K56: =K57 -> 260.2 | L56: =L57 -> 242.4
A57: Общегосударственные вопросы | B57: 65 | C57: 1 | D57: 00 | E57: 41150 | F57: 120 | G57: 01 | J57: =J58 -> 370 | K57: =K58 -> 260.2 | L57: =L58 -> 242.4
A58: Функционирование высшего должностного лица субъекта Российской Федерации и муниципального образования | B58: 65 | C58: 1 | D58: 00 | E58: 41150 | F58: 120 | G58: 01 | H58: 02 | J58: =J59 -> 370 | K58: =K59 -> 260.2 | L58: =L59 -> 242.4
A59: Администрация Кочуновского сельского поселения Ромодановского муниципального района Республики Мордовия | B59: 65 | C59: 1 | D59: 00 | E59: 41150 | F59: 120 | G59: 01 | H59: 02 | I59: 913 | J59: ='Приложение 2'!J15 -> 370 | K59: ='Приложение 2'!K15 -> 260.2 | L59: ='Приложение 2'!L15 -> 242.4
A60: ='Приложение 3'!A102 -> условно утвержденные расходы | B60: 65 | C60: 1 | D60: 00 | E60: 41990 | K60: =K61 -> 27.9 | L60: =L61 -> 56.7
A61: ='Приложение 3'!A103 -> Иные бюджетные ассигнования | B61: 65 | C61: 1 | D61: 00 | E61: 41990 | F61: 800 | K61: =K62 -> 27.9 | L61: =L62 -> 56.7
A62: ='Приложение 3'!A104 -> Резервные средства | B62: 65 | C62: 1 | D62: 00 | E62: 41990 | F62: 870 | K62: =K63 -> 27.9 | L62: =L63 -> 56.7
A63: ='Приложение 3'!A98 -> условно утвержденные расходы | B63: 65 | C63: 1 | D63: 00 | E63: 41990 | F63: 870 | G63: 99 | K63: =K64 -> 27.9 | L63: =L64 -> 56.7
A64: ='Приложение 3'!A99 -> условно утвержденные расходы | B64: 65 | C64: 1 | D64: 00 | E64: 41990 | F64: 870 | G64: 99 | H64: 99 | K64: =K65 -> 27.9 | L64: =L65 -> 56.7
A65: Администрация Кочуновского сельского поселения Ромодановского муниципального района Республики Мордовия | B65: 65 | C65: 1 | D65: 00 | E65: 41990 | F65: 870 | G65: 99 | H65: 99 | I65: 913 | K65: ='Приложение 3'!J104 -> 27.9 | L65: ='Приложение 3'!K104 -> 56.7
A66: ='Приложение 2'!A16 -> Субсидии на софинансирование расходных обязательств по финансовому обеспечению деятельности органов местного самоуправления и муниципальных учреждений | B66: 65 | C66: 1 | D66: 00 | E66: 44205 | J66: =J67 -> 167.8
A67: =A55 -> Расходы на выплаты персоналу в целях обеспечения выполнения функций государственными (муниципальными) органами, казенными учреждениями, органами управления государственными внебюджетными фондами | B67: 65 | C67: 1 | D67: 00 | E67: 44205 | F67: 100 | J67: =J68 -> 167.8
A68: =A56 -> Расходы на выплаты персоналу государственных (муниципальных) органов | B68: 65 | C68: 1 | D68: 00 | E68: 44205 | F68: 120 | J68: =J69 -> 167.8
A69: =A57 -> Общегосударственные вопросы | B69: 65 | C69: 1 | D69: 00 | E69: 44205 | F69: 120 | G69: 01 | J69: =J70 -> 167.8
A70: =A58 -> Функционирование высшего должностного лица субъекта Российской Федерации и муниципального образования | B70: 65 | C70: 1 | D70: 00 | E70: 44205 | F70: 120 | G70: 01 | H70: 02 | J70: =J71 -> 167.8
A71: =A65 -> Администрация Кочуновского сельского поселения Ромодановского муниципального района Республики Мордовия | B71: 65 | C71: 1 | D71: 00 | E71: 44205 | F71: 120 | G71: 01 | H71: 02 | I71: 913 | J71: ='Приложение 2'!J16 -> 167.8
A72: ='Приложение 2'!A21 -> Обеспечение деятельности администрации сельских поселений | B72: 65 | C72: 2 | J72: =J73 -> 386.5 | K72: =K73 -> 272.1 | L72: =L73 -> 274.8
A73: Расходы на выплаты по оплате труда работников органов местного самоуправления | B73: 65 | C73: 2 | D73: 00 | E73: 41110 | J73: =J74 -> 386.5 | K73: =K74 -> 272.1 | L73: =L74 -> 274.8
A74: Расходы на выплаты персоналу в целях обеспечения выполнения функций государственными (муниципальными) органами, казенными учреждениями, органами управления государственными внебюджетными фондами | B74: 65 | C74: 2 | D74: 00 | E74: 41110 | F74: 100 | J74: =J75 -> 386.5 | K74: =K75 -> 272.1 | L74: =L75 -> 274.8
A75: Расходы на выплаты персоналу государственных (муниципальных) органов | B75: 65 | C75: 2 | D75: 00 | E75: 41110 | F75: 120 | J75: =J76 -> 386.5 | K75: =K76 -> 272.1 | L75: =L76 -> 274.8
A76: Общегосударственные вопросы | B76: 65 | C76: 2 | D76: 00 | E76: 41110 | F76: 120 | G76: 01 | J76: =J77 -> 386.5 | K76: =K77 -> 272.1 | L76: =L77 -> 274.8
A77: Функционирование Правительства Российской Федерации, высших исполнительных органов государственной власти субъектов Российской Федерации, местных администраций | B77: 65 | C77: 2 | D77: 00 | E77: 41110 | F77: 120 | G77: 01 | H77: 04 | J77: =J78 -> 386.5 | K77: =K78 -> 272.1 | L77: =L78 -> 274.8
A78: Администрация Кочуновского сельского поселения Ромодановского муниципального района Республики Мордовия | B78: 65 | C78: 2 | D78: 00 | E78: 41110 | F78: 120 | G78: 01 | H78: 04 | I78: 913 | J78: ='Приложение 2'!J24 -> 386.5 | K78: ='Приложение 2'!K24 -> 272.1 | L78: ='Приложение 2'!L24 -> 274.8
A79: ='Приложение 2'!A25 -> Субсидии на софинансирование расходных обязательств по финансовому обеспечению деятельности органов местного самоуправления и муниципальных учреждений | B79: 65 | C79: 2 | D79: 00 | E79: 44205 | J79: =J80 -> 130.2
A80: =A74 -> Расходы на выплаты персоналу в целях обеспечения выполнения функций государственными (муниципальными) органами, казенными учреждениями, органами управления государственными внебюджетными фондами | B80: 65 | C80: 2 | D80: 00 | E80: 44205 | F80: 100 | J80: =J81 -> 130.2
A81: =A75 -> Расходы на выплаты персоналу государственных (муниципальных) органов | B81: 65 | C81: 2 | D81: 00 | E81: 44205 | F81: 120 | J81: =J83 -> 130.2
A82: =A76 -> Общегосударственные вопросы | B82: 65 | C82: 2 | D82: 00 | E82: 44205 | F82: 120 | G82: 01 | J82: =J83 -> 130.2
A83: ='Приложение 4'!A77 -> Функционирование Правительства Российской Федерации, высших исполнительных органов государственной власти субъектов Российской Федерации, местных администраций | B83: 65 | C83: 2 | D83: 00 | E83: 44205 | F83: 120 | G83: 01 | H83: 04 | J83: =J84 -> 130.2
A84: =A78 -> Администрация Кочуновского сельского поселения Ромодановского муниципального района Республики Мордовия | B84: 65 | C84: 2 | D84: 00 | E84: 44205 | F84: 120 | G84: 01 | H84: 04 | I84: 913 | J84: ='Приложение 2'!J27 -> 130.2
A85: ='Приложение 2'!A84 -> Закупка товаров, работ и услуг для государственных (муниципальных) нужд | B85: 65 | C85: 2 | D85: 00 | E85: 41120 | F85: 200 | J85: =J86+J90 -> 377 | K85: =K86+K90 -> 105 | L85: =L86+L90 -> 110
A86: Иные закупки товаров, работ и услуг для обеспечения государственных (муниципальных) нужд | B86: 65 | C86: 2 | D86: 00 | E86: 41120 | F86: 240 | J86: =J87 -> 370 | K86: =K87 -> 100 | L86: =L87 -> 105
A87: Общегосударственные вопросы | B87: 65 | C87: 2 | D87: 00 | E87: 41120 | F87: 240 | G87: 01 | J87: =J88 -> 370 | K87: =K88 -> 100 | L87: =L88 -> 105
A88: Функционирование Правительства Российской Федерации, высших исполнительных органов государственной власти субъектов Российской Федерации, местных администраций | B88: 65 | C88: 2 | D88: 00 | E88: 41120 | F88: 240 | G88: 01 | H88: 04 | J88: =J89 -> 370 | K88: =K89 -> 100 | L88: =L89 -> 105
A89: Администрация Кочуновского сельского поселения Ромодановского муниципального района Республики Мордовия | B89: 65 | C89: 2 | D89: 00 | E89: 41120 | F89: 240 | G89: 01 | H89: 04 | I89: 913 | J89: ='Приложение 2'!J30 -> 370 | K89: ='Приложение 2'!K30 -> 100 | L89: ='Приложение 2'!L30 -> 105
A90: Иные бюджетные ассигнования | B90: 65 | C90: 2 | D90: 00 | E90: 41120 | F90: 800 | J90: =J95+J91 -> 7 | K90: =K95 -> 5 | L90: =L95 -> 5
A91: ='Приложение 2'!A32 -> исполнение судебных актов | B91: 65 | C91: 2 | D91: 00 | E91: 41120 | F91: 830 | J91: =J92 -> 4
A92: =A96 -> Общегосударственные вопросы | B92: 65 | C92: 2 | D92: 00 | E92: 41120 | F92: 830 | G92: =G96 -> 01 | J92: =J93 -> 4
A93: =A97 -> Функционирование Правительства Российской Федерации, высших исполнительных органов государственной власти субъектов Российской Федерации, местных администраций | B93: 65 | C93: 2 | D93: 00 | E93: 41120 | F93: 830 | G93: =G97 -> 01 | H93: =H97 -> 04 | J93: =J94 -> 4
A94: =A98 -> Администрация Кочуновского сельского поселения Ромодановского муниципального района Республики Мордовия | B94: 65 | C94: 2 | D94: 00 | E94: 41120 | F94: 830 | G94: =G93 -> 01 | H94: =H93 -> 04 | I94: 913 | J94: ='Приложение 2'!J32 -> 4
A95: Уплата налогов, сборов и иных платежей | B95: 65 | C95: 2 | D95: 00 | E95: 41120 | F95: 850 | J95: =J96 -> 3 | K95: =K96 -> 5 | L95: =L96 -> 5
A96: Общегосударственные вопросы | B96: 65 | C96: 2 | D96: 00 | E96: 41120 | F96: 850 | G96: 01 | J96: =J97 -> 3 | K96: =K97 -> 5 | L96: =L97 -> 5
A97: Функционирование Правительства Российской Федерации, высших исполнительных органов государственной власти субъектов Российской Федерации, местных администраций | B97: 65 | C97: 2 | D97: 00 | E97: 41120 | F97: 850 | G97: 01 | H97: 04 | J97: =J98 -> 3 | K97: =K98 -> 5 | L97: =L98 -> 5
A98: Администрация Кочуновского сельского поселения Ромодановского муниципального района Республики Мордовия | B98: 65 | C98: 2 | D98: 00 | E98: 41120 | F98: 850 | G98: 01 | H98: 04 | I98: 913 | J98: ='Приложение 2'!J33 -> 3 | K98: ='Приложение 2'!K33 -> 5 | L98: ='Приложение 2'!L33 -> 5
A99: ='Приложение 2'!A74 -> Непрограммные расходы главных распорядителей бюджетных средств Кочуновского сельского поселения Ромодановского муниципального района Республики Мордовия | B99: 89 | C99: 1 | J99: =J100 -> 536.7
A100: ='Приложение 2'!A75 -> Непрограммные расходы в рамках обеспечения деятельности главных распорядителей бюджетных средств Кочуновского сельского поселения Ромодановского муниципального района Республики Мордовия | B100: 89 | C100: 1 | D100: 00 | J100: =J101+J107+J113+J118+J124+J130 -> 536.7
...

Sheet прил 5
C1: Приложение 5
C2: к решению Совета депутатов Кочуновского сельского поселения Ромодановского муниципального района Республики Мордовия "О бюджете Кочуновского сельского поселения Ромодановского муниципального района Республики Мордовия на 2022 год и на плановый период 2023 и 2024 годов"от 29.12.2021г.№14
A3: ИСТОЧНИКИ ВНУТРЕННЕГО ФИНАНСИРОВАНИЯ ДЕФИЦИТА БЮДЖЕТА КОЧУНОВСКОГО СЕЛЬСКОГО ПОСЕЛЕНИЯ РОМОДАНОВСКОГО МУНИЦИПАЛЬНОГО РАЙОНА РЕСПУБЛИКИ МОРДОВИЯ НА 2022 ГОД И НА ПЛАНОВЫЙ ПЕРИОД 2023 и 2024 ГОДОВ
A7: Код | B7: Наименование кода группы, подгруппы, статьи, вида источника финансирования дефицитов бюджетов, кода классификации операций сектора государственного управления, относящихся к источникам финансирования дефицитов бюджетов Российской Федерации | C7: Сумма (тыс. руб.)
C8: 2022 год | D8: 2023 год | E8: 2024 год
A9: 1 | B9: 2 | C9: 3 | D9: 4 | E9: 5
A10: 000 01 00 00 00 00 0000 000 | B10: ИСТОЧНИКИ ВНУТРЕННЕГО ФИНАНСИРОВАНИЯ ДЕФИЦИТОВ БЮДЖЕТОВ | C10: =C11+C22+C14+C18 -> 207.1 | D10: =D11+D22+D14+D18 -> -4.6185278e-14 | E10: =E11+E22+E14+E18 -> 3.1974423e-13
A11: 000 01 02 00 00 00 0000 000 | B11: Кредиты кредитных организаций в валюте Российской Федерации | C11: =SUM(C12) -> 0 | D11: =SUM(D12) -> 0 | E11: =SUM(E12) -> 0
A12: 000 01 02 00 00 00 0000 700 | B12: Привлечение кредитов от кредитных организаций в валюте Российской Федерации | C12: =SUM(C13) -> 0 | D12: =SUM(D13) -> 0 | E12: =SUM(E13) -> 0
A13: 000 01 02 00 00 05 0000 710 | B13: Привлечение кредитов от кредитных организаций бюджетами муниципальных районов в валюте Российской Федерации
A14: 000 01 03 00 00 00 0000 000 | B14: Бюджетные кредиты из других бюджетов бюджетной системы Российской Федерации | C14: =C15 -> -14.2 | D14: =D15 -> -21.3 | E14: =E15 -> -28.4
A15: 000 01 03 01 00 00 0000 000 | B15: Бюджетные кредиты из других бюджетов бюджетной системы Российской Федерации в валюте Российской Федерации | C15: =C16 -> -14.2 | D15: =D16 -> -21.3 | E15: =E16 -> -28.4
A16: 000 01 03 01 00 00 0000 800 | B16: Погашение бюджетных кредитов, полученных из других бюджетов бюджетной системы Российской Федерации в валюте Российской Федерации | C16: =SUM(C17) -> -14.2 | D16: =SUM(D17) -> -21.3 | E16: =SUM(E17) -> -28.4
A17: 000 01 03 01 00 10 0000 810 | B17: Погашение бюджетами сельских поселений кредитов из других бюджетов бюджетной системы Российской Федерации в валюте Российской Федерации | C17: -14.2 | D17: -21.3 | E17: -28.4
A18: 000 01 06 00 00 00 0000 000 | B18: Иные источники внутреннего финансирования дефицитов бюджетов | C18: =C19 -> 0 | D18: =D19 -> 0 | E18: =E19 -> 0
A19: 000 01 06 05 00 00 0000 000 | B19: Бюджетные кредиты, предоставленные внутри страны в валюте Российской Федерации | C19: =C20 -> 0 | D19: =D20 -> 0 | E19: =E20 -> 0
A20: 000 01 06 05 02 00 0000 600 | B20: Возврат бюджетных кредитов, предоставленных другим бюджетам бюджетной системы Российской Федерации в валюте Российской Федерации | C20: =C21 -> 0 | D20: =D21 -> 0 | E20: =E21 -> 0
A21: 000 01 06 05 02 05 0000 640 | B21: Возврат бюджетных кредитов, предоставленных другим бюджетам бюджетной системы Российской Федерации из бюджетов муниципальных районов в валюте Российской Федерации
A22: 000 01 05 00 00 00 0000 000 | B22: Изменения остатков средств на счетах по учету средств бюджета | C22: =C25+C26 -> 221.3 | D22: =D25+D26 -> 21.3 | E22: =E25+E26 -> 28.4
A23: 000 01 05 02 00 00 0000 500 | B23: Увеличение прочих остатков средств бюджетов | C23: =SUM(C24) -> -2258.2 | D23: =SUM(D24) -> -1208.7 | E23: =SUM(E24) -> -1230.6
A24: 000 01 05 02 01 00 0000 510 | B24: Увеличение прочих остатков денежных средств бюджетов | C24: =SUM(C25) -> -2258.2 | D24: =SUM(D25) -> -1208.7 | E24: =SUM(E25) -> -1230.6
A25: 000 01 05 02 01 10 0000 510 | B25: Увеличение прочих остатков денежных средств бюджетов сельских поселений | C25: =-Приложение1!C11-C30 -> -2258.2 | D25: =-Приложение1!D11-D30 -> -1208.7 | E25: =-Приложение1!E11-E30 -> -1230.6
A26: 000 01 05 02 00 00 0000 600 | B26: Уменьшение прочих остатков средств бюджетов | C26: =SUM(C27) -> 2479.5 | D26: =SUM(D27) -> 1230 | E26: =SUM(E27) -> 1259
A27: 000 01 05 02 01 00 0000 610 | B27: Уменьшение прочих остатков денежных средств бюджетов | C27: =SUM(C28) -> 2479.5 | D27: =SUM(D28) -> 1230 | E27: =SUM(E28) -> 1259
A28: 000 01 05 02 01 05 0000 610 | B28: Уменьшение прочих остатков денежных средств бюджетов муниципальных районов | C28: =-C17+'Приложение 2'!J7 -> 2479.5 | D28: =-D17+'Приложение 2'!K7 -> 1230 | E28: =-E17+'Приложение 2'!L7 -> 1259
A29: 000 01 00 00 00 00 0000 000 | B29: Итого источников внутреннего финансирования дефицита бюджета Кочуновского сельского поселения Ромодановского муниципального района Республики Мордовия
B30: собственные доходы | C30: 608.9 | D30: 619.5 | E30: 632.1
